 Dungeon Crawl Stone Soup version 0.20-a0-656-g9b0dcd9 (webtiles) character file.

53 Chiseanne the Ducker (level 3, 0/28 HPs)
             Began as a Spriggan Gladiator on Feb 16, 2017.
             Slain by an orc
             ... wielding a +0 trident
              (3 damage)
             ... on level 4 of the Dungeon.
             The game lasted 00:02:18 (1813 turns).

Chiseanne the Ducker (Spriggan Gladiator)           Turns: 1813, Time: 00:02:18

Health: 0/28       AC:  3    Str: 15    XL:     3   Next: 62%
Magic:  4/4        EV: 22    Int:  9    God:
Gold:   114        SH:  0    Dex: 18    Spells: 2/2 levels left

rFire    . . .     SeeInvis +   a - +2 long sword
rCold    . . .     Gourm    .   b - +0 robe
rNeg     . . .     Faith    .   (shield restricted)
rPois    .         Spirit   .   c - +1 hat
rElec    .         Reflect  .   (no cloak)
rCorr    .         Harm     .   (gloves unavailable)
MR       .....                  (boots unavailable)
Stlth    ..........             (no amulet)
Regen    0.1/turn               (no ring)
MPRegen  0.1/turn               (no ring)

@: berserking, very quick
A: unfitting armour, see invisible, herbivore 3, speed 3, slow metabolism 2
a: no special abilities


You were on level 4 of the Dungeon.
You were not hungry.

You visited 1 branch of the dungeon, and saw 4 of its levels.

You collected 114 gold pieces.

Inventory:

Hand Weapons
 a - a +2 long sword (weapon)
Missiles
 d - 3 throwing nets (quivered)
 g - 116 stones
 l - 12 arrows
Armour
 b - a +0 robe (worn)
 c - a +1 hat (worn)
Scrolls
 k - 2 scrolls of identify
Potions
 e - 2 potions of cancellation
 h - a potion of lignification
 n - a potion of heal wounds {unknown}
 o - a potion of haste {unknown}
Comestibles
 f - a bread ration
 j - 4 fruits


   Skills:
 + Level 2.4 Fighting
 - Level 2.4 Long Blades
 - Level 2.0 Throwing
 * Level 5.9 Dodging


You had 2 spell levels left.
You didn't know any spells.

Dungeon Overview and Level Annotations

Branches:
Dungeon (4/15)
 Temple: D:4-7

Altars:
Cheibriados

Annotations:
D:3 Chiseanne's ghost, weakling SpGl


Innate Abilities, Weirdness & Mutations

You are very small and have problems with some larger weapons.
You are too small for most types of armour.
You have supernaturally acute eyesight. (SInv)
You are a herbivore.
You cover ground extremely quickly.
You need consume almost no food.


Message History

You hit the goblin.
You kill the goblin!
Robin throws the goblin at you! The orc closely misses you. x2
A red film seems to cover your vision as you go berserk!
You feel yourself moving faster!
You feel mighty! The goblin misses you. The orc misses you.
The hobgoblin closely misses you. The orc closely misses you. The orc hits you.
* * * LOW HITPOINT WARNING * * *
You slash Robin!
Robin is severely wounded.
The goblin closely misses you. The orc completely misses you.
You riposte.
You barely miss the orc. The hobgoblin closely misses you.
You riposte.
You hit the hobgoblin.
You kill the hobgoblin!
Robin hits you with a club.
* * * LOW HITPOINT WARNING * * *
You slash Robin!
You kill Robin!
The orc hits you from afar with a trident.
You die...

#......# #......+
#....o.# #......#
#......######
#...........#
#.......(o.o# .
#........o)o###+#.? ..
#........g)@g......
...#######..gooo......
.........###g##oo....)
.....gg...(((.#.......
.......g<...([#.......
.........######.......
.g.......# .......
..g##....# ....... .g
#+####


You could see an orc priest, an orc wizard (invisible), 7 orcs, a hobgoblin and
3 goblins.

Vanquished Creatures
  Robin (D:4)
  An adder (D:2)
  2 dart slugs (D:2)
  A leopard gecko (D:2)
  6 bats
  2 giant cockroaches (D:2)
  4 goblins
  5 hobgoblins
  A ball python (D:2)
  4 rats (D:1)
27 creatures vanquished.

Notes
Turn   | Place    | Note
-------+----------+-------------------------------------------
     0 | D:1      | Chiseanne the Spriggan Gladiator began the quest for the Orb.
     0 | D:1      | Reached XP level 1. HP: 10/10 MP: 2/2
   539 | D:1      | Reached XP level 2. HP: 15/15 MP: 3/3
   724 | D:2      | Reached skill level 5 in Dodging
   865 | D:2      | Found a snail-covered altar of Cheibriados.
  1298 | D:2      | Reached XP level 3. HP: 18/18 MP: 4/4
  1601 | D:3      | Noticed Chiseanne's ghost (weakling SpGl)
  1784 | D:4      | Noticed Robin
  1813 | D:4      | Killed Robin
  1813 | D:4      | Slain by an orc

Vault maps used:
D:1:      dpeg_arrival_tiny_d
D:2:      cheibriados_altar_1
D:4:      lemuel_doored_altar, first_bread, minmay_misc_feat_encased,
          uniq_robin, uniq_pikel, uniq_eustachio, uniq_edmund

Skill      XL: |  1  2 |
---------------+-------+-----
Dodging        | 5 |  5.9
Fighting       | 2 |  2.4
Long Blades    | |  2.4
Throwing       | |  2.0

Action                   || total
-------------------------++-------
Melee: Long sword        ||    45
  Use: Scroll            ||     8
       Potion            ||     1
 Stab: Sleeping          ||     2
Armor: Robe              ||     5
Dodge: Dodged            ||    72
       Rpst.: Long sword ||    21
